Map: Frost LE

Players

Nerchio - Winner!

  • Race: Zerg Zerg

viOLet

  • Race: Zerg Zerg

Event: IEM Season 11 - Shanghai

VOD

Have the link to the VOD?

Description

Time

  • Played on: July 29, 2016, 7:42 a.m.
  • Length: 7:16

All games in this series

Show
View Real Time Build Order
Export as new Build Order

Nerchio Zerg - Winner!

Build Orders: Hatch First, Zergling Baneling 

Get SALT Encoding   

  12  0:00  Drone  
  13  0:12  Overlord  
  13  0:17  Drone  
  14  0:31  Drone x2  
  14  0:34  Drone  
  17  0:53  Hatchery  
  17  0:55  Drone  
  17  1:09  Spawning Pool  
  16  1:12  Drone  
  16  1:15  Drone  
  16  1:17  Extractor  
  17  1:21  Drone  
  18  1:29  Drone  
  19  1:40  Overlord  
  19  1:55  Queen  
  19  1:56  Zergling x2  
  19  2:00  Zergling x2  
  23  2:05  Drone, Queen  
  26  2:12  Drone  
  27  2:17  Drone  
  27  2:18  Metabolic Boost  
  27  2:21  Drone  
  29  2:26  Drone  
  30  2:43  Hatchery  
  30  2:44  Drone  
  29  2:45  Drone  
  29  2:47  Zergling x2  
  31  2:53  Baneling Nest  
  31  2:55  Zergling x2  
  31  3:00  Overlord  
  31  3:09  Drone x2  
  31  3:10  Drone  
  31  3:11  Drone  
  36  3:20  Zergling x6  
  36  3:26  Overlord  
  38  3:38  Zergling x4  
  38  3:40  Zergling x4  
  41  3:41  Zergling x2  
  41  3:42  Baneling x2  
  41  3:43  Overlord  
  41  3:48  Drone x3  
  41  3:51  Zergling x2  
  41  3:53  Baneling x2  
  42  4:01  Zergling x2  
  42  4:02  Zergling x4  
  45  4:07  Zergling x4  
  46  4:11  Baneling x2  
  46  4:12  Zergling x4  
  46  4:15  Zergling x2  
  46  4:17  Zergling x4  
  48  4:25  Roach Warren  
  48  4:26  Baneling x2  
  48  4:27  Drone  
  48  4:29  Drone  
  49  4:31  Drone  
  49  4:35  Drone, Extractor  
  49  4:37  Drone  
  50  4:46  Drone x2  
  50  4:47  Drone x2  
  50  4:49  Overlord  
  51  5:04  Baneling x2  
  51  5:05  Roach x4  
  51  5:07  Overlord  
  59  5:10  Drone x2  
  61  5:15  Drone x2  
  61  5:16  Drone  
  61  5:19  Extractor  
  63  5:24  Roach x2  
  66  5:29  Roach x2  
  70  5:36  Drone x5  
  75  5:43  Evolution Chamber  
  75  5:49  Overlord  
  74  5:50  Queen  
  74  5:52  Roach  
  74  5:54  Overlord  
  74  5:55  Baneling  
  78  5:58  Overlord  
  78  6:00  Ravager  
  78  6:01  Ravager x2  
  81  6:07  Roach  
  81  6:08  Roach x2  
  81  6:10  Roach  
  87  6:12  Roach  
  87  6:16  Roach  
  90  6:18  Zergling x2  
  90  6:19  Zergling x4  
  90  6:21  Roach  
  90  6:24  Roach  
  90  6:25  Zergling x2  
  93  6:27  Roach  
  93  6:29  Roach  
  93  6:32  Roach  
  96  6:35  Roach  
  96  6:39  Zergling x4  
  100  6:42  Overlord  
  100  6:45  Overlord  
  100  6:47  Baneling  
  100  6:48  Baneling  
  100  6:51  Overlord  
Show
View Real Time Build Order
Export as new Build Order

viOLet Zerg 

Build Orders: Hatch First 

Get SALT Encoding   

  12  0:01  Drone  
  13  0:13  Overlord  
  13  0:17  Drone  
  14  0:31  Drone x2  
  17  0:35  Drone  
  17  0:52  Hatchery  
  17  0:55  Drone  
  17  0:58  Drone  
  18  1:10  Extractor  
  17  1:14  Spawning Pool  
  17  1:16  Drone  
  17  1:20  Drone  
  18  1:30  Overlord  
  18  1:41  Drone  
  19  1:50  Drone  
  20  2:00  Queen  
  22  2:02  Zergling x2  
  22  2:03  Queen  
  22  2:04  Zergling x2  
  26  2:10  Metabolic Boost  
  26  2:12  Zergling x2  
  27  2:16  Drone  
  28  2:23  Drone  
  29  2:30  Drone  
  29  2:33  Drone  
  31  2:40  Baneling Nest  
  29  2:45  Overlord  
  29  2:48  Drone x2  
  31  2:55  Overlord  
  31  2:59  Zergling x2  
  32  3:06  Zergling x2  
  32  3:10  Zergling x6  
  35  3:13  Zergling x2  
  35  3:15  Zergling x4  
  35  3:16  Zergling x2  
  39  3:20  Zergling x2  
  39  3:25  Zergling x2  
  41  3:28  Baneling  
  41  3:29  Baneling  
  41  3:30  Baneling x2  
  41  3:32  Zergling x2  
  41  3:46  Drone x5  
  45  3:51  Drone x3  
  45  3:52  Drone  
  49  4:00  Drone x2  
  51  4:03  Hatchery  
  51  4:09  Drone  
  45  4:16  Zergling x4  
  45  4:17  Zergling x8  
  44  4:21  Zergling x2  
  44  4:23  Zergling x2  
  48  4:27  Roach Warren  
  48  4:28  Zergling x2  
  48  4:34  Overlord  
  48  4:35  Baneling x2  
  48  4:41  Zergling x2  
  48  4:45  Zergling x2  
  49  4:48  Zergling x6  
  51  4:54  Zergling x2  
  45  5:04  Baneling  
  45  5:05  Baneling x4  
  45  5:06  Zergling x4  
  47  5:09  Drone  
  47  5:12  Hatchery  
  47  5:15  Overlord  
  47  5:19  Roach x3  
  47  5:21  Roach x3  
  59  5:33  Roach  
  59  5:34  Roach x2  
  62  5:42  Overlord  
  62  5:43  Roach  
  64  5:52  Zergling x8  
  64  5:53  Overlord  
  68  6:00  Queen  
  68  6:02  Roach, Zergling x4  
  68  6:04  Overlord  
  73  6:15  Baneling x2  
  73  6:17  Zergling x4  
  64  6:26  Zergling x2  
  64  6:29  Roach x2  
  64  6:32  Zergling x8  
  65  6:36  Queen  
  65  6:37  Queen  
  65  6:38  Queen  
  59  6:41  Drone x2  
  59  6:42  Roach  
  59  6:45  Zergling x4  
  63  6:47  Zergling x2  
  64  6:56  Zergling x4  
  64  6:59  Zergling x2  

Tags
 
Add a new tag
Caveats
  • Supply blocks, unpowered buildings, or Contaminate may cause inaccurate times.
  • Supply counts are checked every 10 seconds.